 Dungeon Crawl Stone Soup version 0.29.1-1-gd02db6906a (webtiles) character file.

Game seed: 784658740613370368

270 quakins the Conjurer (level 6, -18/45 HPs)
             Began as a Draconian Conjurer on Oct 12, 2022.
             Was a Follower of Vehumet.
             Demolished by an ogre
             ... wielding a +0 giant club
              (35 damage)
             ... on level 5 of the Dungeon.
             The game lasted 00:07:03 (4417 turns).

quakins the Conjurer (Draconian Conjurer)           Turns: 4417, Time: 00:07:03

Health: -18/45     AC:  7    Str: 10    XL:     6   Next: 1%
Magic:  7/13       EV: 12    Int: 20    God:    Vehumet [*.....]
Gold:   254        SH:  0    Dex:  9    Spells: 12/15 levels left

rFire   + . .      SeeInvis +   f - +0 dagger
rCold   . . .      Faith    .   (no shield)
rNeg    . . .      Spirit   .   (body armour unavailable)
rPois   .          Reflect  .   (helmet restricted)
rElec   .          Harm     .   (no cloak)
rCorr   .          Rampage  .   n - +0 pair of gloves
Will    .....                   (no boots)
Stlth   ++........              (no amulet)
HPRegen 0.15/turn               u - ring of protection from fire
MPRegen 0.13/turn               d - ring of see invisible

@: no status effects
A: AC +6, unfitting armour, cold-blooded
a: Renounce Religion


You were on level 5 of the Dungeon.
You worshipped Vehumet.
Vehumet was aware of your devotion.
You visited 1 branch of the dungeon, and saw 5 of its levels.

You collected 254 gold pieces.

Inventory:

Hand Weapons
 f - a +0 dagger (weapon)
Armour
 n - a +0 pair of gloves (worn)
Magical Staves
 v - a staff of air
Jewellery
 b - a ring of resist corrosion
 d - a ring of see invisible (right hand)
 u - a ring of protection from fire (left hand)
Scrolls
 i - 3 scrolls of teleportation
 j - a scroll of amnesia {unknown}
 k - a scroll of summoning {unknown}
 l - a scroll of fog {unknown}
 o - 2 scrolls of vulnerability {unknown}
 p - 2 scrolls of torment
 q - a scroll of enchant armour {unknown}
 r - a scroll of blinking {unknown}
 s - a scroll of noise {unknown}
 w - a scroll of poison {unknown}
 x - 2 scrolls of identify
 y - a scroll of brand weapon {unknown}
 z - a scroll of silence {unknown}
Potions
 a - a potion of magic
 c - 4 potions of heal wounds
 e - 3 potions of curing
 g - a potion of invisibility {unknown}
 h - a potion of brilliance {unknown}
 m - a potion of lignification {unknown}
 t - a potion of mutation {unknown}


   Skills:
 - Level 1.7 Dodging
 - Level 1.7 Stealth
 - Level 5.0 Spellcasting
 + Level 5.2 Conjurations


You had 12 spell levels left.
You knew the following spells:

 Your Spells              Type           Power      Damage    Failure   Level
a - Magic Dart            Conj           100%       1d8       1%          1
b - Searing Ray           Conj           52%        2d6       1%          2

Your spell library contained the following spells:

 Spells                   Type           Power      Damage    Failure   Level
 Freeze                   Ice            20%        1d4       12%         1
 Static Discharge         Conj/Air       15%        3-5/arc   6%          2
 Beastly Appendage        Tmut           10%        N/A       12%         1
 Dazzling Flash           Conj/Hex       30%        N/A       12%         3
 Wereblood                Tmut           5%         N/A       17%         2
 Spider Form              Tmut/Pois      5%         N/A       34%         3
 Fulminant Prism          Conj/Hex       7%         3d7       36%         4
 Iskenderun's Mystic Bla  Conj/Tloc      15%        2d5       36%         4
 Sticky Flame             Conj/Fire      15%        2d4       36%         4
 Dispel Undead            Necr           5%         3d7       75%         4
 Alistair's Intoxication  Tmut/Pois      3%         N/A       97%         5
 Borgnjor's Vile Clutch   Necr/Erth      2%         N/A       97%         5
 Eringya's Noxious Bog    Tmut/Pois      2%         N/A       100%        6


Dungeon Overview and Level Annotations

Branches:
Dungeon (5/15)
 Temple: D:4-7

Altars:
Ashenzari
Nemelex Xobeh
Qazlal
Sif Muna
Vehumet
Wu Jian
Xom

Shops:
D:4 (


Innate Abilities, Weirdness & Mutations

Your plain brown scales are hard. (AC +6)
You cannot fit into any form of body armour.
You are cold-blooded and may be slowed by cold attacks.


Message History

You see here the -1 helmet of Refuge {Contam Rampage Fly}.
You see here the -1 helmet of Refuge {Contam Rampage Fly}.
Items here: ( ) [ †.
Done exploring.
Done exploring.
Done exploring.
There is a stone staircase leading down here.
You climb downwards.
There is a stone staircase leading up here.
Found a battleaxe.
An ogre comes into view. It is wielding a +0 giant club.
An ogre is nearby!
Aiming: Magic Dart (safe; 1% risk of failure)
Press: ? - help, Q - select action, (/) - cycle Shift-Dir - straight line, f - ogre
Aim: an ogre, wielding a +0 giant club (asleep, 100% to hit)
The magic dart hits the ogre.
The ogre is moderately wounded.
Casting: Magic Dart (safe; 1% risk of failure)
Confirm with . or Enter, or press ? or * to list all spells.
Aiming: Searing Ray (safe; 1% risk of failure)
Press: ? - help, Shift-Dir - straight line, f/p - ogre
Aim: an ogre, wielding a +0 giant club (moderately wounded, 90% to hit)
The searing ray hits the ogre!
The ogre is heavily wounded. (Press . to maintain the ray.)
The ogre hits you with a +0 giant club!!
Ouch! That really hurt!
You hear a loud, deep croak!
The searing ray hits the ogre.
The ogre is severely wounded.
A bullfrog comes into view.
The searing ray hits the ogre.
The ogre is almost dead.
The ogre closely misses you.
The searing ray hits the ogre.
The ogre is almost dead.
You finish channelling your searing ray.
The ogre hits you with a +0 giant club!!
Ouch! That really hurt!
You die...

#.###...#
#.##....#
#.##....#
#.......#
####.####
#.# #.#
#.# #@#
#.OF..#
..###.#
##.# #.#
... .).
.#.


You could see an ogre and a bullfrog.

Vanquished Creatures
  An ogre (D:3)
  A hound (D:4)
  An orc wizard (D:4)
  5 adders
  A worm (D:3)
  6 orcs
  8 endoplasms
  A giant cockroach (D:1)
  6 goblins
  5 hobgoblins
  8 jackals
  8 kobolds
  6 quokkas
  4 ball pythons
  3 bats
  3 frilled lizards
  7 rats
74 creatures vanquished.

Notes
Turn   | Place    | Note
-------+----------+-------------------------------------------
     0 | D:1      | quakins the Draconian Conjurer began the quest for the Orb.
     0 | D:1      | Reached XP level 1. HP: 14/14 MP: 3/3
   187 | D:1      | Reached XP level 2. HP: 20/20 MP: 3/5
   718 | D:1      | Reached XP level 3. HP: 25/26 MP: 1/7
  1161 | D:2      | Found a faded altar of an unknown god.
  1354 | D:2      | Found a radiant altar of Vehumet.
  1366 | D:2      | Became a worshipper of Vehumet
  1377 | D:2      | Learned a level 2 spell: Searing Ray
  1976 | D:3      | Found a sparkling altar of Nemelex Xobeh.
  2073 | D:3      | Reached XP level 4. HP: 33/33 MP: 7/10
  2158 | D:3      | Identified the +6 ring mail of Focus {rElec Will+}
  2795 | D:3      | Found a shimmering altar of Xom.
  2797 | D:3      | Found a shimmering altar of Xom.
  2797 | D:3      | Found a bloodstained altar of Trog.
  2803 | D:3      | Noticed an ogre
  2804 | D:3      | Found a shimmering blue altar of Sif Muna.
  2804 | D:3      | Found a stormy altar of Qazlal.
  2804 | D:3      | Found a broken altar of Ashenzari.
  2814 | D:3      | Killed an ogre
  2815 | D:3      | Reached skill level 5 in Spellcasting
  2815 | D:3      | Reached XP level 5. HP: 19/38 MP: 1/12
  3363 | D:4      | Found an ornate altar of the Wu Jian Council.
  3370 | D:4      | Found Haos Qai's Antique Weapon Shoppe.
  3495 | D:4      | Identified the -1 helmet of Refuge {Contam Rampage Fly}
  3623 | D:4      | Reached skill level 5 in Conjurations
  3967 | D:4      | Reached * piety under Vehumet
  3967 | D:4      | Offered knowledge of Freeze by Vehumet.
  4108 | D:4      | Reached XP level 6. HP: 45/45 MP: 11/13
  4364 | D:5      | Entered Level 5 of the Dungeon
  4417 | D:5      | Demolished by an ogre

Illustrated notes

Levels and vault maps discovered:
D:1:      lightli_arrival_maybe_door_vault, layout_rooms
D:2:      layout_loops_ring, shapermc_ecumenical_altar_ellora, basic_altar
D:3:      layout_basic, nemelex_xobeh_ov_fountains_minmay, doesnt_xom_only_xom,
          serial_rivers, chequers_serial_rivers_large_a,
          chequers_serial_rivers_small_a, chequers_serial_rivers_large_b,
          chequers_serial_rivers_marsh, chequers_serial_rivers_micro_b,
          fountainhead, kennysheep_generic_room_3
D:4:      layout_loops_ring, lemuel_crystal_altar, serial_shops,
          nicolae_take_the_stairs
D:5:      layout_loops_cross, mainiacjoe_overflow_tiny_flanked,
          mainiacjoe_overflow_catch_the_wave, minmay_temple_entry_trees

Skill      XL: |  1  2  3  4  5 |
---------------+----------------+-----
Spellcasting   | 3 4 5 |  5.0
Conjurations   | 5 |  5.2
Dodging        | |  1.7
Stealth        | |  1.7

Action                   |  1- 3 |  4- 6 || total
-------------------------+-------+-------++-------
Melee: Club              |     8 |       ||     8
       Tailslap          |     3 |       ||     3
       Dagger            |    15 |     3 ||    18
 Cast: Magic Dart        |    74 |    70 ||   144
       Searing Ray       |     2 |     3 ||     5
  Use: Scroll            |     3 |     2 ||     5
       Potion            |       |     1 ||     1
Armor: Skin              |    16 |     7 ||    23
Dodge: Dodged            |    24 |     5 ||    29
